 Dungeon Crawl Stone Soup version 0.30.1-11-g7821555f0a (webtiles) character file.

Game seed: 1202061744383423085

5120 lonewolfV2 the Protected (level 10, 0/61 HPs)
             Began as a Tengu Fighter on Nov 3, 2023.
             Was a Priest of Okawaru.
             Slain by a wolf (1 damage)
             ... while petrified by a basilisk
             ... on level 1 of the Lair of Beasts.
             The game lasted 00:16:31 (10023 turns).

lonewolfV2 the Protected (Tengu Fighter)           Turns: 10023, Time: 00:16:32

Health: 0/61       AC: 19    Str: 25    XL:     10   Next: 58%
Magic:  16/16      EV:  2    Int:  8    God:    Okawaru [***...]
Gold:   554        SH:  0    Dex: 16    Spells: 9/9 levels left

rFire   . . .        a - +1 war axe
rCold   . . .        c - +0 buckler
rNeg    + + +        x - +0 chain mail
rPois   ∞            (helmet restricted)
rElec   .            (no cloak)
rCorr   .            h - +3 pair of gloves of Okawaru's Outrage {rN+}
SInv    .            (boots unavailable)
Will    .....        (no amulet) Stlth
                     p - +6 ring of strength
HPRegen 0.30/turn    l - +4 ring of protection
MPRegen 0.15/turn

%: no passive effects
@: petrified, flying quickly and evasively, quick
A: beak, talons 3, nimble flight
a: Renounce Religion, Heroism


You were on level 1 of the Lair of Beasts.
You worshipped Okawaru.
Okawaru was most pleased with you.
You visited 3 branches of the dungeon, and saw 11 of its levels.
You also visited: Sewer.

You collected 554 gold pieces.

Inventory:

Hand Weapons
 a - a +1 war axe (weapon)
Missiles
 u - a throwing net (quivered)
Armour
 c - a +0 buckler (worn)
 h - the +3 pair of gloves of Okawaru's Outrage (worn) {rN+}
   (You acquired it on level 4 of the Dungeon)

   rN:        It protects you from negative energy.
 x - a +0 chain mail (worn)
Jewellery
 g - a +6 ring of intelligence
 k - a ring of fire
 l - a +4 ring of protection (right hand)
 p - a +6 ring of strength (left hand)
Wands
 b - a wand of flame (12)
 d - a wand of quicksilver (18)
 v - a wand of roots (6)
 z - a wand of mindburst (27)
Scrolls
 f - 7 scrolls of teleportation
 j - 4 scrolls of fear
 o - a scroll of poison
 t - 2 scrolls of identify
 w - 2 scrolls of fog
 A - a scroll of magic mapping
Potions
 i - 4 potions of attraction
 m - a potion of flight
 q - a potion of lignification
 r - 2 potions of magic


   Skills:
 + Level 6.9 Fighting
 - Level 2.1 Axes
 - Level 9.1 Armour
 - Level 9.0 Dodging
 - Level 3.0 Shields
 + Level 7.5 Invocations


You had 9 spell levels left.
You didn't know any spells.
Your spell library contained the following spells:

 Spells                   Type           Power      Damage    Failure   Level
 Apportation              Tloc           0%         N/A       91%         1
 Freeze                   Ice            0%         1d3       91%         1
 Magic Dart               Conj           0%         1d3       91%         1
 Necrotise                Necr           0%         1d4       91%         1
 Shock                    Conj/Air       0%         1d3       91%         1
 Searing Ray              Conj           0%         2d4       97%         2
 Frozen Ramparts          Ice            0%         1d1       100%        3
 Hailstorm                Conj/Ice       0%         3d3       100%        3
 Inner Flame              Hex/Fire       0%         N/A       100%        3
 Stone Arrow              Conj/Erth      0%         3d7       100%        3
 Swiftness                Air            0%         N/A       100%        3
 Vampiric Draining        Necr           0%         2d6       100%        3
 Airstrike                Air            0%         2d(0-16)  100%        4
 Flame Wave               Conj/Fire      0%         2d4       100%        4
 Fulminant Prism          Conj/Hex       0%         3d5       100%        4
 Manifold Assault         Tloc           0%         N/A       100%        4
 Sticky Flame             Conj/Fire      0%         2d3       100%        4
 Agony                    Necr           0%         N/A       100%        5
 Dispersal                Tloc           0%         N/A       100%        6
 Disjunction              Tloc           0%         N/A       100%        8
 Lehudib's Crystal Spear  Conj/Erth      0%         10d2      100%        8
 Summon Small Mammal      Summ           Unusable   N/A       N/A         1
 Animate Armour           Summ/Erth      Unusable   N/A       N/A         4

Dungeon Overview and Level Annotations

Branches:
Dungeon (9/15)             Temple (1/1) D:6            Lair (1/5) D:9
  Sewer (visited)
    Orc: D:9-12

Altars:
Ashenzari
Dithmenos
Elyvilon
Fedhas
Hepliaklqana
Kikubaaqudgha
Makhleb
Nemelex Xobeh
Okawaru
Qazlal
Ru
Sif Muna
Wu Jian
Xom
Yredelemnul
The Shining One

Shops:
D:6 **


Innate Abilities, Weirdness & Mutations

You have a beak for a mouth.
You have claws for feet.
Your magical nature lets you fly swiftly and evasively.


Message History

The wolf closely misses you.
You closely miss the wolf.
The wolf howls!
Your kick misses the wolf. Your peck misses the wolf.
The wolf is lightly wounded.
You slash the wolf!
You kill the wolf!
Okawaru accepts your kill.
You are no longer corroded.
You hear a howl!
The wolf bites you but does no damage. The basilisk gazes at you.
You are slowing down.
The wolf bites you but does no damage.
You hear an angry hiss.
You barely miss the wolf. You claw the wolf! You peck the wolf.
The wolf is severely wounded.
A wolf comes into view.
The wolf bites you but does no damage. x3; The wolf barely misses you.
The wolf moves out of view.
You have turned to stone.
The wolf bites you but does no damage. The wolf bites you.
* * * LOW HITPOINT WARNING * * *
The wolf bites you but does no damage. x2
The wolf bites you but does no damage. x2
The basilisk gazes at you.
The wolf bites you but does no damage. x2; The wolf bites you.
* * * LOW HITPOINT WARNING * * *
The wolf bites you but does no damage. The wolf bites you.
* * * LOW HITPOINT WARNING * * *
The wolf bites you but does no damage. The wolf bites you. x2
* * * LOW HITPOINT WARNING * * *
The wolf bites you but does no damage. x3
The basilisk bites you but does no damage.
The wolf bites you but does no damage. The wolf bites you!
* * * LOW HITPOINT WARNING * * *
The wolf completely misses you. The wolf bites you.
You die...

....... .......
# ....^.. .#
)...... ###..#
.......##.....#
..............#
.......hh.....#
.......@hh.....
......l##.....#
....... .....
....... .>..
....... ...
....... ..
....... #
.......


You could see a basilisk and 4 wolves.

Vanquished Creatures
  A two-headed ogre (D:7)
  Pikel (D:8)
  A gargoyle (D:7)
  A hornet (D:7)
  Prince Ribbit (D:7)
  2 wyverns (D:9)
  A basilisk (D:9)
  A steam dragon (D:7)
  2 water moccasins
  2 ice beasts (D:6)
  4 sky beasts
  A black bear (D:5)
  An ogre (D:3)
  A wolf (Lair:1)
  2 centaurs
  2 phantoms
  3 kobold brigands
  2 bullfrogs
  A gnoll sergeant (D:8)
  4 killer bees (D:5)
  An electric eel (D:7)
  3 howler monkeys
  2 gnoll boudas
  A hound (D:6)
  2 jellies
  An orc priest (D:8)
  4 iguanas
  3 orc wizards
  15 gnolls
  11 adders
  4 river rats (Sewer)
  3 white imps
  6 worms
  2 dart slugs (D:1)
  17 orcs
  11 endoplasms
  2 giant cockroaches
  8 goblins
  11 hobgoblins
  6 jackals
  24 kobolds
  6 quokkas
  11 ball pythons
  2 bats (D:1)
  4 frilled lizards (D:1)
  12 rats
206 creatures vanquished.

Vanquished Creatures (others)
  A kraken (D:1)
  A minotaur (D:1)
  A draconian (D:1)
  An octopode (D:1)
  A vine stalker (D:1)
  A formicid (D:1)
  A dwarf (D:1)
  2 ogres (D:1)
  A tengu (D:1)
  A felid (D:1)
  7 tentacles (D:1)
18 creatures vanquished.

Grand Total: 224 creatures vanquished

Notes
Turn   | Place    | Note
-------+----------+-------------------------------------------
     0 | D:1      | lonewolfV2 the Tengu Fighter began the quest for the Orb.
     0 | D:1      | Reached XP level 1. HP: 14/14 MP: 2/2
     0 | D:1      | Noticed a vampire
     0 | D:1      | Noticed a draconian
     0 | D:1      | Noticed a tengu
     0 | D:1      | Noticed a dwarf
     0 | D:1      | Noticed an ogre
     0 | D:1      | Noticed an octopode
     0 | D:1      | Noticed a kraken
     0 | D:1      | Noticed an ogre
     0 | D:1      | Noticed a formicid
     0 | D:1      | Noticed a felid
     0 | D:1      | Noticed a vine stalker
     0 | D:1      | Noticed a minotaur
     0 | D:1      | Noticed a ghoul
     4 | D:1      | Killed a felid
     5 | D:1      | Killed a minotaur
     6 | D:1      | Killed an ogre
     6 | D:1      | Killed a vine stalker
     7 | D:1      | Killed a tengu
     7 | D:1      | Killed a formicid
     7 | D:1      | Killed an octopode
    11 | D:1      | Killed an ogre
    11 | D:1      | Killed a draconian
    11 | D:1      | Killed a dwarf
    14 | D:1      | Killed a kraken
    20 | D:1      | You fall into a shaft and drop 1 floor!
    71 | D:2      | Reached skill level 1 in Dodging
    71 | D:2      | Reached XP level 2. HP: 9/19 MP: 3/3
   265 | D:2      | Reached XP level 3. HP: 18/23 MP: 4/4
   664 | D:1      | Reached XP level 4. HP: 27/28 MP: 5/5
  1600 | D:3      | Found a hazy altar of Hepliaklqana.
  1693 | D:3      | Noticed an ogre
  1699 | D:3      | Killed an ogre
  1700 | D:3      | Gained mutation: Your magical nature lets you fly swiftly
                  | and evasively. [Tengu growth]
  1700 | D:3      | Reached XP level 5. HP: 27/32 MP: 6/6
  1967 | D:4      | Found an ornate altar of the Wu Jian Council.
  2117 | D:4      | Found an ancient bone altar of Kikubaaqudgha.
  2201 | D:4      | Reached skill level 5 in Armour
  2201 | D:4      | Reached skill level 5 in Dodging
  2201 | D:4      | Reached XP level 6. HP: 37/37 MP: 7/7
  2652 | D:4      | Found a shimmering blue altar of Sif Muna.
  3042 | D:4      | Reached XP level 7. HP: 38/41 MP: 8/8
  3191 | D:4      | Identified a scroll of acquirement
  3191 | D:4      | Acquired the +3 pair of gloves of Okawaru's Outrage {rN+}
  3213 | D:5      | Entered Level 5 of the Dungeon
  3737 | D:5      | Reached XP level 8. HP: 21/46 MP: 9/9
  5106 | D:5      | Found a sacrificial altar of Ru.
  5222 | D:6      | Found a glowing drain.
  5234 | Sewer    | Entered a sewer
  6280 | D:6      | Found Aseaheodgh's Assorted Antiques.
  6640 | D:6      | Found a staircase to the Ecumenical Temple.
  6658 | Temple   | Entered the Ecumenical Temple
  6715 | Temple   | Became a worshipper of Warmaster Okawaru
  6793 | D:6      | Found a burning altar of Makhleb.
  7017 | D:6      | Found Wivoar's Fire Supplies.
  7027 | D:6      | Reached XP level 9. HP: 39/50 MP: 10/10
  7192 | D:7      | Noticed Prince Ribbit
  7202 | D:7      | Reached skill level 1 in Invocations
  7209 | D:7      | Killed Prince Ribbit
  7209 | D:7      | Reached * piety under Okawaru
  7510 | D:7      | Noticed a hornet
  7516 | D:7      | Paralysed by a hornet for 2 turns
  7526 | D:7      | Killed a hornet
  7526 | D:7      | Reached ** piety under Okawaru
  8166 | D:7      | Noticed a gargoyle
  8184 | D:7      | Killed a gargoyle
  8185 | D:7      | Reached skill level 5 in Fighting
  8185 | D:7      | Reached skill level 5 in Invocations
  8340 | D:8      | Noticed a two-headed ogre
  8537 | D:8      | HP: 2/54 [two-headed ogre/+0 dire flail (14)]
  8729 | D:7      | Killed a two-headed ogre
  8730 | D:7      | Reached XP level 10. HP: 28/60 MP: 13/15
  9478 | D:8      | Noticed Pikel
  9501 | D:8      | Killed Pikel
  9501 | D:8      | Reached *** piety under Okawaru
  9590 | D:8      | Found a broken altar of Ashenzari.
  9988 | D:9      | Found a staircase to the Lair.
  9999 | D:9      | HP: 3/61 [acid dragon/splash of acid (7)]
 10002 | Lair:1   | Entered Level 1 of the Lair of Beasts
 10023 | Lair:1   | HP: 1/61 [wolf (4)]
 10023 | Lair:1   | Slain by a wolf

Illustrated notes

Levels and vault maps discovered:
D:1:      nicolae_arrival_kraken_aquarium_a, layout_rooms, minmay_lizard_pond
D:2:      layout_basic
D:3:      layout_basic, mainiacjoe_overflow_alcove_1, hex_intersection
D:4:      layout_basic, lemuel_blue_sif_altar, mainiacjoe_overflow_boulevard,
          mainiacjoe_overflow_24_doors
D:5:      layout_layer_cave, lemuel_tele_altar, minivault_24
D:6:      layout_basic, lemuel_doored_altar, minmay_temple_entry_glassed_door,
          portal_sewer_entry_d, serial_shops, shop, nicolae_shop_fire_sale
          [nicolae_sub_dead_trees]
D:7:      layout_basic, water_maze_lemuel, uniq_prince_ribbit1
D:8:      layout_basic, overflow_temple_1_default,
          nicolae_ossuary_entry_monument, uniq_pikel
D:9:      layout_cave_pods, eat_drink_and_be_merry_uskayaw,
          grunt_temple_overflow_gold_and_silver, erik_lair_dragon,
          ebering_ghost_funeral_grove
Temple:   nicolae_temple_two_arcs
Lair:1:   layout_gridlike

Skill      XL: |  1  2  3  4  5  6  7  8  9 10 |
---------------+-------------------------------+-----
Dodging        | 1 2 3 4 5 7 8 9 |  9.0
Armour         | 4 5 7 8 9 |  9.1
Invocations    | 6 7 |  7.5
Fighting       | 5 6 |  6.9
Axes           | |  2.1
Shields        | |  3.0

Action                     |  1- 3 |  4- 6 |  7- 9 | 10-12 || total
---------------------------+-------+-------+-------+-------++-------
  Melee: War axe           |    66 |   114 |   256 |    78 ||   514
         Kick              |    16 |    24 |    82 |    21 ||   143
         Peck              |     5 |    17 |    41 |    18 ||    81
  Evoke: Wand              |       |       |     6 |     5 ||    11
    Use: Scroll            |       |     7 |    13 |     2 ||    22
         Potion            |       |     1 |    12 |     2 ||    15
 Armour: Scale mail        |    39 |    51 |   115 |    14 ||   219
         Chain mail        |       |       |       |    31 ||    31
  Dodge: Dodged            |    60 |    93 |   231 |    90 ||   474
  Block: Buckler           |    28 |    20 |    62 |    28 ||   138
